 Dungeon Crawl Stone Soup version 0.21.1-1-g345015f (webtiles) character file.

199763 Monsterracer the Destroyer (level 17, -7/146 HPs)
             Began as a Demigod Ice Elementalist on June 16, 2018.
             Killed from afar by a crystal guardian (50 damage)
             ... with a crystal bolt
             ... in the Desolation of Salt on June 17, 2018.
             The game lasted 01:49:19 (58415 turns).

Monsterracer the Destroyer (DgIE)                  Turns: 58415, Time: 01:49:20

Health: -7/146     AC: 24    Str: 13    XL:     17   Next: 25%
Magic:  1/35       EV: 14    Int: 33    God:
Gold:   447        SH: 19    Dex: 16    Spells: 4/35 levels left

rFire    + + .     SeeInvis +   a - +9 demon whip (elec)
rCold    . . .     Gourm    .   E - +3 shield of Chimes {rElec rPois Str-2 SInv}
rNeg     . . .     Faith    .   w - +2 ring mail {rF+}
rPois    +         Spirit   .   V - +0 hat of the First Snow {rElec rF+ Int+4 Stlth+}
rElec    +         Reflect  +   A - +2 cloak
rCorr    .         Harm     .   F - +2 pair of gloves {archery}
MR       ++...                  f - +2 pair of boots
Stlth    +++.......             j - +5 amulet of reflection
HPRegen  0.34/turn              N - +6 ring of protection {=R}
MPRegen  0.24/turn              v - ring of Guqi {MR+ Str+4 Stlth+}

@: no status effects
A: high mp 1, poison resistance
}: 1/15 runes: gossamer
a: no special abilities


You were in the Desolation of Salt.
You were not hungry.

You visited 6 branches of the dungeon, and saw 31 of its levels.
You also visited: Desolation.

You collected 2894 gold pieces.
You spent 2447 gold pieces at shops.

Inventory:

Hand Weapons
 a - a +9 demon whip of electrocution (weapon)
 b - the +9 staff of Olgreb {rPois}
   (You found it on level 10 of the Dungeon)

   It protects you from poison.
Missiles
 h - 8 throwing nets (quivered)
Armour
 f - a +2 pair of boots (worn)
 w - a +2 ring mail of fire resistance (worn)
 A - a +2 cloak (worn)
 E - the +3 shield of Chimes (worn) {rElec rPois Str-2 SInv}
   (You found it on level 3 of the Spider Nest)

   It affects your strength (-2).
   It insulates you from electricity.
   It protects you from poison.
   It lets you see invisible.
 F - a +2 pair of gloves of archery (worn)
 V - the +0 hat of the First Snow (worn) {rElec rF+ Int+4 Stlth+}
   (You found it on level 6 of the Lair of Beasts)

   It affects your intelligence (+4).
   It protects you from fire.
   It insulates you from electricity.
   It makes you more stealthy.
Jewellery
 j - a +5 amulet of reflection (around neck)
 v - the ring of Guqi (right hand) {MR+ Str+4 Stlth+}
   (You bought it in a shop on level 5 of the Dungeon)

   [ring of stealth]

   It affects your strength (+4).
   It affects your resistance to hostile enchantments.
   It makes you more stealthy.
 N - a +6 ring of protection (left hand) {=R}
Wands
 l - a wand of iceblast (26)
 u - a wand of flame (74)
 z - a wand of clouds (18)
 J - a wand of acid (19)
 P - a wand of paralysis (30)
 Q - a wand of disintegration (20)
 W - a wand of digging (31)
Scrolls
 k - 5 scrolls of fear {!r}
 m - 5 scrolls of blinking
 s - 7 scrolls of remove curse
 y - a scroll of fog
 B - 8 scrolls of magic mapping {!r}
 C - 8 scrolls of teleportation
 D - 4 scrolls of identify
 I - 4 scrolls of enchant armour
 L - a scroll of holy word
 M - 2 scrolls of silence
 Y - 3 scrolls of amnesia
Potions
 d - 6 potions of mutation {!q}
 g - 6 potions of heal wounds
 i - 5 potions of haste
 o - 7 potions of agility
 p - 5 potions of flight
 q - a potion of might
 r - 2 potions of cancellation
 x - 10 potions of curing
 G - 5 potions of lignification
 K - 2 potions of resistance
 R - 2 potions of brilliance
 S - 3 potions of invisibility
 T - 2 potions of magic
 U - a potion of berserk rage {!q}
 X - a potion of ambrosia {!q}
Books
 O - a book of the Earth

   Spells                             Type                      Level
   a - Leda's Liquefaction            Hexes/Earth                  4
   b - Bolt of Magma                  Conjuration/Fire/Earth       5
   c - Statue Form                    Transmutation/Earth          6
   d - Iron Shot                      Conjuration/Earth            6
   e - Shatter                        Earth                        9
Miscellaneous
 e - a box of beasts
 H - a lamp of fire
Comestibles
 c - 52 rations
 n - 2 chunks of flesh


   Skills:
 + Level 11.6 Fighting
   Level 8.7(11.0) Axes
 - Level 10.8(12.0) Maces & Flails
 - Level 6.2 Armour
 - Level 7.1 Dodging
 - Level 1.7 Stealth
 + Level 8.4 Shields
 + Level 9.8 Spellcasting
 * Level 11.9 Conjurations
 - Level 3.0 Summonings
 - Level 3.1 Translocations
 - Level 3.0 Fire Magic
 - Level 10.0 Ice Magic
 + Level 3.1 Air Magic
 + Level 9.9 Evocations


You had 4 spell levels left.
You knew the following spells:

 Your Spells              Type           Power        Failure   Level  Hunger
b - Conjure Flame         Conj/Fire      ######..     1%          3    None
c - Freezing Cloud        Conj/Ice/Air   ######....   54%         6    #####..
d - Throw Icicle          Conj/Ice       ######..     1%          4    None
e - Blink                 Tloc           N/A          5%          2    None
f - Summon Ice Beast      Ice/Summ       ######..     9%          4    None
g - Sticky Flame          Conj/Fire      ######..     6%          4    None
i - Orb of Destruction    Conj           #######...   63%         7    ######.
z - Apportation           Tloc           #####.       3%          1    None


Dungeon Overview and Level Annotations

Branches:
Dungeon (15/15)            Temple (0/1) D:4            Lair (6/6) D:11
 Shoals (3/4) Lair:2       Spider (4/4) Lair:3        Slime (0/5) Lair:6
    Orc (2/2) D:10            Elf (0/3) Orc:2        Vaults (1/5) D:14
 Depths: D:15

Shops:
D:5 =   D:13 (   Orc:2 !}?((   Shoals:1 *

Portals:
Hell: Lair:6
Pandemonium: Orc:2
Trove: D:11 (give 2 scrolls of acquirement)

Annotations:
Lair:4 Unprinted's ghost, journeyman MiMo


Innate Abilities, Weirdness & Mutations

You have an increased reservoir of magic. (+10% MP)
Your system is resistant to poisons. (rPois)


Message History

Things that are here:
a spear; a robe Eat one of 3 chunks of flesh? (ye/n/q)
Okay, then.
You start resting.
Eating one of 3 chunks of flesh.
You eat one of the 3 chunks of flesh.
This raw flesh tastes terrible.
A crystal guardian comes into view.
You regained 16 hp, and now have 130/146 hp.
You regained 11 mp, and now have 26/35 mp.
Press: ? - help, v - describe, . - travel
Here: a crystal guardian (hasn't noticed you)
The floor.
Casting: Throw Icicle
Confirm with . or Enter, or press ? or * to list all spells.
Okay, then.
Unknown command.
Casting: Throw Icicle
Confirm with . or Enter, or press ? or * to list all spells.
Aiming: Throw Icicle
Press: ? - help, Shift-Dir - straight line, f - crystal guardian
Aim: a crystal guardian (hasn't noticed you)
The shard of ice hits the crystal guardian.
The crystal guardian partially resists.
The crystal guardian is moderately damaged.
The crystal guardian fires a crystalline bolt at you.
The crystal bolt burns you! You resist.
You take 14 damage, and have 117/146 hp.
You now have 23/35 mp.
Casting: Throw Icicle
Confirm with . or Enter, or press ? or * to list all spells.
Aiming: Throw Icicle
Press: ? - help, Shift-Dir - straight line, f/p - crystal guardian
Aim: a crystal guardian (moderately damaged)
The shard of ice hits the crystal guardian.
The crystal guardian is moderately damaged.
You now have 19/35 mp.
Casting: Throw Icicle
Confirm with . or Enter, or press ? or * to list all spells.
Aiming: Throw Icicle
Press: ? - help, Shift-Dir - straight line, f/p - crystal guardian
Aim: a crystal guardian (moderately damaged)
The shard of ice hits the crystal guardian.
The crystal guardian partially resists.
The crystal guardian is heavily damaged.
The crystal guardian fires a crystalline bolt at you.
The crystal bolt freezes you!
You take 27 damage, and have 90/146 hp.
You now have 16/35 mp.
Casting: Throw Icicle
Confirm with . or Enter, or press ? or * to list all spells.
Aiming: Throw Icicle
Press: ? - help, Shift-Dir - straight line, f/p - crystal guardian
Aim: a crystal guardian (heavily damaged)
The shard of ice hits the crystal guardian.
The crystal guardian partially resists.
The crystal guardian is heavily damaged.
The crystal guardian fires a crystalline bolt at you.
The crystal bolt burns you! You resist.
You take 10 damage, and have 80/146 hp.
You now have 12/35 mp.
Casting: Throw Icicle
Confirm with . or Enter, or press ? or * to list all spells.
Aiming: Throw Icicle
Press: ? - help, Shift-Dir - straight line, f/p - crystal guardian
Aim: a crystal guardian (heavily damaged)
The shard of ice hits the crystal guardian.
The crystal guardian is heavily damaged.
You now have 8/35 mp.
Casting: Throw Icicle
Confirm with . or Enter, or press ? or * to list all spells.
Aiming: Throw Icicle
Press: ? - help, Shift-Dir - straight line, f/p - crystal guardian
Aim: a crystal guardian (heavily damaged)
The shard of ice hits the crystal guardian.
The crystal guardian partially resists.
The crystal guardian is severely damaged.
You now have 4/35 mp.
Unknown command.
Casting: Throw Icicle
Confirm with . or Enter, or press ? or * to list all spells.
You can't see any susceptible monsters within range! (Use Z to cast anyway.) Unknown command.
Casting: Throw Icicle
Confirm with . or Enter, or press ? or * to list all spells.
Aiming: Throw Icicle
Press: ? - help, Shift-Dir - straight line, f/p - crystal guardian
Aim: a crystal guardian (severely damaged)
The shard of ice hits the crystal guardian.
The crystal guardian partially resists.
The crystal guardian is almost destroyed.
The crystal guardian fires a crystalline bolt at you.
The crystal bolt freezes you!
* * * LOW HITPOINT WARNING * * *
You take 38 damage, and have 43/146 hp.
MASSIVE DAMAGE!!
You now have 0/35 mp.
Press: ? - help, v - describe, . - travel
Here: a crystal guardian (almost destroyed)
The floor.
You hit the crystal guardian.
The crystal guardian is almost destroyed.
The crystal guardian fires a crystalline bolt at you.
The crystal bolt freezes you!
You die...

....#..............
....................
.................#....
.......................
.......................
.......∩.∩)............
...........)..........
. ....................#
..
...........@8#...8..#..
#...........#)..§......
#...............§§§....
...........)...§§§....
..............§§§§§...
.............§§§§§...
§§#..........§§§§..
§.#.........§§.§§..
§...........§§§§..


You could see a crystal guardian.

Vanquished Creatures
  Arachne (Spider:3)
  A fire giant (D:13)
  4 ghost moths
  An imperial myrmidon (Desolation)
  Aizul (Spider:1)
  6 emperor scorpions
  3 entropy weavers
  The ghost of Alelolelolen the Fighter, a journeyman NaBe of Trog (Lair:4)
  4 spark wasps
  A merfolk impaler (Shoals:2)
  2 ragged hierophants (Desolation)
  A servant of whispers (Desolation)
  A fire dragon (D:14)
  7 hydras
  A rakshasa (Vaults:1)
  A vault guard (D:14)
  3 merfolk avatars
  3 centaur warriors
  A catoblepas (D:14)
  A death knight (D:12)
  4 two-headed ogres
  3 death yaks (Lair:5)
  A satyr (Shoals:1)
  5 orc high priests (Orc:2)
  Urug (Orc:1)
  2 skeletal warriors (D:12)
  A sixfirhy (Orc:2)
  6 sea snakes
  A fire crab (shapeshifter) (D:12)
  4 unseen horrors
  2 infernal demonspawn
  A gelid demonspawn (Orc:2)
  A torturous demonspawn (Orc:2)
  2 wizards
  An ironbrand convoker (Desolation)
  A phantasmal warrior (D:14)
  A wolf spider zombie (D:13)
  4 orc knights
  7 harpies
  13 orb spiders
  3 ugly things
  26 wolf spiders
  A mana viper (shapeshifter) (D:12)
  5 orc sorcerers (Orc:2)
  14 fauns
  7 cyclopes
  6 moths of wrath
  7 manticores
  6 merfolk sirens
  7 black mambas
  Maurice (D:8)
  8 elephants
  A centaur zombie (D:13)
  3 water nymphs
  A guardian serpent (Desolation)
  A rust devil (Orc:2)
  An orange demon (Orc:2)
  2 smoke demons
  A torpor snail (Lair:6)
  Psyche (D:12)
  3 centaur skeletons
  13 spiny frogs
  A redback zombie (D:15)
  8 komodo dragons
  A kobold demonologist (D:13)
  7 rime drakes
  16 demonic crawlers
  A freezing wraith (D:12)
  2 ice devils (Lair:6)
  2 red devils (Lair:6)
  13 merfolk
  A queen bee (D:11)
  5 trolls
  A tengu conjurer (D:12)
  23 jumping spiders
  3 meliai (Spider:3)
  29 hippogriffs
  10 blink frogs
  11 saltlings (Desolation)
  8 hornets
  7 snapping turtles
  A meliai zombie (D:15)
  20 dream sheep
  A shadow (D:10)
  A ynoxinul (Orc:2)
  23 tarantellas
  48 redbacks
  16 wyverns
  A wraith (D:11)
  36 yaks
  4 water elementals
  A human (shapeshifter) (D:14)
  7 basilisks
  A hungry ghost (D:12)
  A steam dragon (D:13)
  A chaos spawn (Orc:2)
  A warg (Orc:2)
  Edmund (D:5)
  5 soldier ants
  5 hell hounds
  An acid dragon (D:15)
  13 water moccasins
  3 sky beasts
  25 orc warriors
  14 porcupines
  An ice beast (D:8)
  2 black bears
  2 phantoms
  11 ogres
  15 centaurs
  A necrophage (D:14)
  8 wolves
  14 crocodiles
  2 big kobolds
  12 bullfrogs
  A gnoll sergeant (D:11)
  A wyvern skeleton (D:14)
  4 scorpions
  40 killer bees
  5 electric eels
  20 wights
  A howler monkey (D:5)
  3 bullfrog zombies
  9 crimson imps
  6 jellies
  A quasit (D:12)
  Crazy Yiuf (D:3)
  3 hounds
  15 orc priests
  12 orc wizards
  3 bullfrog skeletons
  3 gnoll shamans
  4 iguanas
  22 worker ants
  A hound zombie (D:7)
  2 hound skeletons
  20 gnolls
  16 adders
  3 shadow imps
  2 adder zombies
  4 worms
  4 dart slugs
  3 leopard geckos
  62 orcs
  8 bats
  7 giant cockroaches
  7 goblins
  6 hobgoblins
  11 jackals
  5 quokkas
  4 frilled lizards
  22 kobolds
  A leopard gecko zombie (D:6)
  8 rats
  A pillar of salt (Vaults:1)
1021 creatures vanquished.

Vanquished Creatures (collateral kills)
  An ogre mage (D:15)
  A ragged hierophant (Desolation)
  A vault guard (D:11)
  A two-headed ogre (D:15)
  A sun demon (Lair:6)
  An orc high priest (Orc:2)
  A sea snake (Shoals:2)
  4 harpies (Shoals:2)
  A manticore (Shoals:1)
  2 ugly things (D:11)
  A cyclops (Shoals:1)
  6 rime drakes (D:14)
  A red devil (Lair:6)
  3 merfolk (Lair:2)
  A hornet (D:12)
  A saltling (Desolation)
  3 slime creatures (D:14)
  5 hippogriffs
  2 dream sheep (Shoals:1)
  4 blink frogs
  2 wyverns (D:14)
  3 basilisks (D:14)
  A hell hound (Lair:6)
  A porcupine (Lair:1)
  A water moccasin (Lair:1)
  An orc warrior (D:11)
  A bullfrog (Lair:4)
  An orc priest (Orc:2)
  An iguana (D:11)
  A shadow imp (D:11)
  An orc (D:11)
55 creatures vanquished.

Vanquished Creatures (others)
  A centaur warrior (D:12)
  2 fauns
  A cyclops (Shoals:2)
  A hornet (Spider:4)
  An eye of draining (D:12)
  A centaur (D:12)
  An adder (D:12)
  7 fungi
  A plant (Lair:5)
16 creatures vanquished.

Grand Total: 1092 creatures vanquished

Notes
Turn   | Place    | Note
-------+----------+-------------------------------------------
     0 | D:1      | Monsterracer the Demigod Ice Elementalist began the quest for the Orb.
     0 | D:1      | Reached XP level 1. HP: 14/14 MP: 5/5
   215 | D:1      | Reached XP level 2. HP: 20/20 MP: 2/7
  1219 | D:2      | Reached skill level 1 in Maces & Flails
  1219 | D:2      | Reached XP level 3. HP: 27/27 MP: 8/8
  1262 | D:2      | Learned a level 3 spell: Ozocubu's Armour
  1589 | D:2      | Reached skill level 1 in Fighting
  1867 | D:2      | Reached XP level 4. HP: 35/35 MP: 4/9
  2035 | D:2      | Found a deep blue altar of Sif Muna.
  2413 | D:3      | You fall through a shaft!
  2520 | D:4      | HP: 17/35 [gnoll/flail (12)]
  2527 | D:3      | HP: 17/35 [gnoll (1)]
  2531 | D:3      | HP: 5/36 [gnoll/flail (13)]
  2815 | D:3      | Reached XP level 5. HP: 38/41 MP: 6/11
  2898 | D:3      | Found a hazy altar of Hepliaklqana.
  3460 | D:3      | Learned a level 4 spell: Throw Icicle
  3523 | D:3      | HP: 20/41 [scorpion (1)]
  3528 | D:3      | HP: 15/41 [poisoned by a scorpion]
  3533 | D:3      | HP: 12/41 [poisoned by a scorpion]
  3538 | D:3      | HP: 9/41 [poisoned by a scorpion]
  3543 | D:3      | HP: 8/41 [poisoned by a scorpion]
  3550 | D:3      | HP: 7/41 [poisoned by a scorpion]
  3558 | D:3      | HP: 6/41 [poisoned by a scorpion]
  4106 | D:3      | Found a runed door.
  4214 | D:3      | Noticed Crazy Yiuf
  4244 | D:3      | Killed Crazy Yiuf
  4435 | D:3      | Reached XP level 6. HP: 36/50 MP: 6/12
  4779 | D:4      | Found a staircase to the Ecumenical Temple.
  5020 | D:4      | HP: 19/50 [ogre/giant club (19)]
  5026 | D:4      | HP: 19/51 [dart slug (1)]
  5432 | D:4      | Reached XP level 7. HP: 48/57 MP: 7/13
  5439 | D:4      | HP: 25/57 [gnoll/halberd (5)]
  5725 | D:4      | Reached skill level 5 in Maces & Flails
  5984 | D:5      | Entered Level 5 of the Dungeon
  6070 | D:5      | HP: 28/57 [centaur (4)]
  6257 | D:5      | Found a transporter.
  6481 | D:5      | Reached skill level 5 in Ice Magic
  6600 | D:5      | HP: 29/58 [gnoll/spear (2)]
  6946 | D:5      | Noticed Edmund
  6959 | D:5      | Killed Edmund
  6959 | D:5      | Reached XP level 8. HP: 42/66 MP: 4/14
  7123 | D:5      | Found a transporter.
  7231 | D:5      | Found Rafack Wiesi's Jewellery Shoppe.
  8657 | D:6      | Reached skill level 5 in Fighting
  8971 | D:7      | Found a sacrificial altar of Ru.
  9202 | D:7      | Found a shattered altar of Ashenzari.
  9502 | D:7      | Noticed a hippogriff
  9532 | D:7      | Killed a hippogriff
  9532 | D:7      | Reached skill level 1 in Axes
  9532 | D:7      | Reached XP level 9. HP: 72/74 MP: 7/15
  9616 | D:7      | Found a radiant altar of Vehumet.
  9659 | D:7      | Reached skill level 1 in Armour
 10161 | D:8      | Learned a level 4 spell: Summon Ice Beast
 10210 | D:8      | HP: 37/74 [ogre/giant club (11)]
 10391 | D:8      | Noticed Maurice
 10861 | D:8      | Reached skill level 5 in Axes
 10933 | D:8      | HP: 32/74 [wyvern (15)]
 10937 | D:8      | HP: 13/74 [wyvern (14)]
 11278 | D:8      | Killed Maurice
 11457 | D:8      | Found a glowing silver altar of Zin.
 11458 | D:8      | Found an ancient bone altar of Kikubaaqudgha.
 11508 | D:9      | Noticed a two-headed ogre
 11519 | D:9      | HP: 29/74 [two-headed ogre/giant club (31)]
 11521 | D:9      | Killed a two-headed ogre
 11521 | D:9      | Reached XP level 10. HP: 19/83 MP: 2/17
 12069 | D:9      | Paralysed by a hornet for 1 turns
 12325 | D:9      | HP: 41/83 [yak (9)]
 12328 | D:9      | HP: 19/83 [yak (14)]
 12330 | D:9      | HP: 6/83 [yak (9)]
 12388 | D:9      | HP: 12/83 [yak (8)]
 12389 | D:8      | Found a glowing golden altar of the Shining One.
 12389 | D:8      | Found a shadowy altar of Dithmenos.
 12804 | D:9      | HP: 37/83 [yak (12)]
 12809 | D:9      | HP: 10/83 [yak (9)]
 13256 | D:9      | Found a sparkling altar of Nemelex Xobeh.
 13336 | D:9      | HP: 39/83 [orc warrior/hand axe (6)]
 13702 | D:9      | Identified a scroll of acquirement
 13990 | D:10     | Entered Level 10 of the Dungeon
 14561 | D:10     | Found a staircase to the Orcish Mines.
 14669 | D:10     | Found a runed door.
 14672 | D:10     | Found a runed gate.
 14680 | D:10     | Found the +9 staff of Olgreb {rPois}
 14703 | D:10     | Found a runed gate.
 14706 | D:10     | Found a runed door.
 14716 | D:10     | Found a runed gate.
 14919 | D:10     | Reached skill level 1 in Conjurations
 15601 | D:10     | HP: 42/84 [poisoned by a killer bee]
 15606 | D:10     | HP: 29/84 [poisoned by a killer bee]
 15611 | D:10     | HP: 25/84 [poisoned by a killer bee]
 15617 | D:10     | HP: 22/84 [poisoned by a killer bee]
 15624 | D:10     | HP: 21/84 [poisoned by a killer bee]
 15631 | D:10     | HP: 21/84 [poisoned by a killer bee]
 15639 | D:10     | HP: 21/84 [poisoned by a killer bee]
 15921 | D:11     | Noticed a green ugly thing
 15991 | D:10     | HP: 38/84 [shadow (8)]
 15993 | D:10     | HP: 18/84 [something (20)]
 16304 | D:11     | Killed a green ugly thing
 16480 | D:11     | Reached XP level 11. HP: 86/91 MP: 14/19
 16580 | D:10     | Reached skill level 1 in Evocations
 17047 | D:11     | HP: 41/91 [red ugly thing (8)]
 17670 | D:11     | Reached skill level 1 in Summonings
 18288 | D:11     | Noticed a vault guard
 18308 | D:11     | Killed a vault guard
 18418 | D:11     | Found a portal to a secret trove of treasure.
 18435 | D:11     | Found a staircase to the Lair.
 18830 | Orc:1    | Entered Level 1 of the Orcish Mines
 18856 | Orc:1    | HP: 40/91 [ogre/giant club (20)]
 19567 | D:5      | Bought a cursed +6 ring of protection for 825 gold pieces
 19712 | D:11     | Noticed a five-headed hydra
 19726 | D:11     | Killed a five-headed hydra
 20135 | D:12     | Noticed a two-headed ogre
 20196 | D:12     | HP: 41/92 [two-headed ogre/giant club (18)]
 20200 | D:11     | Killed a two-headed ogre
 20351 | Lair:1   | Entered Level 1 of the Lair of Beasts
 20351 | Lair:1   | Noticed a five-headed hydra
 20363 | D:11     | HP: 45/92 [five-headed hydra (5)]
 20369 | D:11     | HP: 22/92 [five-headed hydra (3)]
 20370 | D:11     | Killed a five-headed hydra
 20669 | Lair:1   | HP: 46/92 [poisoned by a spiny frog]
 20674 | Lair:1   | HP: 44/92 [poisoned by a spiny frog]
 20680 | Lair:1   | HP: 43/92 [poisoned by a spiny frog]
 20687 | Lair:1   | HP: 43/92 [poisoned by a spiny frog]
 20695 | Lair:1   | HP: 43/92 [poisoned by a spiny frog]
 20920 | Lair:1   | HP: 45/92 [water moccasin (3)]
 20925 | Lair:1   | HP: 36/92 [poisoned by a water moccasin]
 20931 | Lair:1   | HP: 34/92 [poisoned by a water moccasin]
 20936 | Lair:1   | HP: 33/92 [poisoned by a water moccasin]
 20943 | Lair:1   | HP: 33/92 [poisoned by a water moccasin]
 20951 | Lair:1   | HP: 33/92 [poisoned by a water moccasin]
 21661 | Lair:1   | Reached XP level 12. HP: 72/100 MP: 19/22
 23334 | Lair:2   | Found a staircase to the Shoals.
 23709 | Lair:2   | Reached skill level 5 in Spellcasting
 24343 | Lair:3   | Noticed a five-headed hydra
 24375 | Lair:3   | Killed a five-headed hydra
 24385 | Lair:3   | Reached skill level 10 in Ice Magic
 25488 | Lair:3   | Reached skill level 5 in Dodging
 25569 | Lair:3   | Found a hole to the Spider Nest.
 26441 | Lair:4   | Noticed Alelolelolen's ghost (journeyman NaBe)
 26585 | Lair:4   | HP: 50/101 [Alelolelolen's ghost (4)]
 26591 | Lair:4   | HP: 49/101 [Alelolelolen's ghost (2)]
 26596 | Lair:4   | Killed Alelolelolen's ghost
 26596 | Lair:4   | Reached XP level 13. HP: 52/107 MP: 23/25
 26975 | Lair:4   | Noticed Unprinted's ghost (journeyman MiMo)
 27034 | Lair:4   | HP: 51/107 [Unprinted's ghost (14)]
 27927 | Lair:4   | HP: 38/108 [Unprinted's ghost (18)]
 27929 | Lair:4   | HP: 17/108 [Unprinted's ghost (14)]
 28289 | Lair:4   | HP: 54/108 [Unprinted's ghost (5)]
 28702 | Lair:4   | HP: 44/108 [Unprinted's ghost (31)]
 29112 | Lair:5   | Reached skill level 5 in Evocations
 30242 | Lair:6   | Entered Level 6 of the Lair of Beasts
 30276 | Lair:6   | Reached skill level 5 in Conjurations
 30801 | Lair:5   | HP: 51/108 [death yak (11)]
 31010 | Lair:6   | Reached skill level 10 in Maces & Flails
 31290 | Lair:6   | Reached skill level 5 in Armour
 31303 | Lair:6   | HP: 50/108 [dream sheep (8)]
 31857 | Lair:6   | Found a viscous altar of Jiyva.
 31993 | Lair:6   | Found a staircase to the Slime Pits.
 32374 | Lair:6   | Found a burning altar of Makhleb.
 32456 | Lair:6   | HP: 51/110 [smoke demon/divine providence (10)]
 32461 | Lair:6   | HP: 47/110 [ice devil (5)]
 32461 | Lair:6   | HP: 15/110 [red devil/trident (9)]
 33243 | Lair:6   | Found a gateway to Hell.
 33251 | Lair:6   | Got a brightly glowing hat
 33262 | Lair:6   | Identified the +0 hat of the First Snow {rElec rF+ Int+4 Stlth+} (You found it on level 6 of the Lair of Beasts)
 33481 | Orc:2    | Entered Level 2 of the Orcish Mines
 33489 | Orc:2    | Found a staircase to the Elven Halls.
 33673 | D:5      | Bought a +5 amulet of reflection for 453 gold pieces
 33983 | Orc:2    | Found Ovuubop's Distillery.
 33984 | Orc:2    | Found Uzxekoff's Magic Scroll Emporium.
 33999 | Orc:2    | HP: 53/110 [orc priest/divine providence (16)]
 34015 | Orc:1    | HP: 42/110 [orc warrior/mace of crushing (2)]
 34410 | Orc:2    | Learned a level 3 spell: Conjure Flame
 34417 | Orc:2    | Learned a level 6 spell: Freezing Cloud
 34883 | Orc:2    | HP: 50/111 [orc warrior/exploding tomahawk (13)]
 34897 | Orc:2    | HP: 49/111 [orc warrior/long sword (3)]
 35149 | Orc:2    | Bought a scroll of amnesia for 49 gold pieces
 35149 | Orc:2    | Bought a scroll of enchant weapon for 105 gold pieces
 35150 | Orc:2    | Bought a scroll of teleportation for 42 gold pieces
 35150 | Orc:2    | Bought a scroll of identify for 28 gold pieces
 35150 | Orc:2    | Bought a scroll of teleportation for 42 gold pieces
 35153 | Orc:2    | Bought a potion of heal wounds for 80 gold pieces
 35426 | Orc:2    | Found Mesoziur's Weapon Shop.
 35452 | Orc:2    | Bought a potion of heal wounds for 80 gold pieces
 35494 | Orc:2    | Reached XP level 14. HP: 103/118 MP: 22/28
 35954 | Orc:2    | HP: 55/118 [chaos spawn (8)]
 35961 | Orc:2    | HP: 28/118 [soul eater/drain life[an orc high priest] (16)]
 35966 | Orc:2    | HP: 21/118 [orc warrior/short sword (8)]
 35966 | Orc:2    | HP: 10/118 [soul eater/drain life[an orc high priest] (11)]
 35971 | Orc:2    | HP: 33/177 [orc warrior/short sword (4)]
 35977 | Orc:2    | HP: 23/177 [orc warrior/trident (6)]
 35985 | Orc:2    | HP: 22/177 [orc warrior/trident (2)]
 36399 | Orc:1    | HP: 54/118 [infernal demonspawn/halberd (16)]
 36752 | Orc:2    | HP: 57/118 [orc high priest/dire flail (9)]
 36980 | Orc:2    | HP: 58/118 [sun demon[an orc high priest] (5)]
 36985 | Orc:2    | HP: 40/118 [torturous demonspawn/great sword (3)]
 36991 | Orc:2    | HP: 15/118 [torturous demonspawn/great sword (8)]
 37632 | Orc:2    | Found Ybuifaunne's Antique Weapon Shop.
 37632 | Orc:2    | Found Jona's Gadget Boutique.
 37632 | Orc:2    | Found a one-way gate leading to the halls of Pandemonium.
 37990 | Orc:1    | Found a bloodstained altar of Trog.
 37992 | Orc:1    | Noticed Urug
 38001 | Orc:1    | Killed Urug
 38981 | D:12     | Noticed an emperor scorpion
 38981 | D:12     | a queen ant changed into an emperor scorpion
 39291 | D:12     | Got a heavily jewelled robe
 39302 | D:12     | Identified the +1 robe of the Final Souls {Regen+} (You found it on level 12 of the Dungeon)
 39431 | D:12     | Reached skill level 1 in Air Magic
 39610 | D:12     | Noticed Psyche
 39624 | D:12     | Killed Psyche
 40058 | D:5      | Bought the ring of Guqi {MR+ Str+4 Stlth+} for 423 gold pieces
 40399 | D:13     | Found Cawededi's Weapon Shoppe.
 40517 | D:13     | Noticed a fire giant
 40546 | D:13     | Killed a fire giant
 41045 | D:13     | Gained mutation: Your system is resistant to poisons. (rPois) [a neqoxec]
 41473 | D:14     | Found an opulent altar of Gozag.
 41755 | D:14     | HP: 55/119 [seven-headed hydra (13)]
 41762 | D:14     | HP: 29/119 [hippogriff (1)]
 41768 | D:14     | HP: 22/119 [hippogriff (4)]
 41828 | D:14     | HP: 33/119 [rime drake/flash freeze (5)]
 42160 | D:14     | HP: 31/119 [very large slime creature (46)]
 42609 | D:14     | Reached skill level 10 in Fighting
 42609 | D:14     | Reached XP level 15. HP: 99/126 MP: 31/31
 42649 | D:14     | HP: 62/126 [rime drake/flash freeze (26)]
 42657 | D:14     | HP: 61/126 [rime drake/flash freeze (4)]
 42701 | D:14     | HP: 52/126 [six-headed hydra (13)]
 42762 | D:14     | HP: 61/126 [wyvern (1)]
 43029 | D:14     | Found a blossoming altar of Fedhas.
 43470 | D:14     | Found a gate to the Vaults.
 43493 | D:15     | Entered Level 15 of the Dungeon
 44028 | D:15     | HP: 56/126 [ice dragon (11)]
 44343 | Spider:1 | Entered Level 1 of the Spider Nest
 44466 | Spider:1 | Learned a level 2 spell: Blink
 44611 | Spider:1 | Noticed Aizul
 44636 | Spider:1 | Killed Aizul
 44955 | Spider:1 | Reached skill level 1 in Translocations
 45227 | Spider:2 | Learned a level 1 spell: Apportation
 45475 | Spider:2 | Got a pair of slimy boots
 45486 | Spider:2 | Identified the +1 pair of boots of Mezcal {rC- rN+ Regen+ rCorr} (You acquired it on level 2 of the Spider Nest)
 45502 | Spider:2 | Identified the Tome of Flamy Protection
 45519 | Spider:2 | You fall through a shaft!
 45533 | Spider:2 | HP: 61/128 [spark wasp (5)]
 45549 | Spider:2 | HP: 47/128 [demonic crawler (7)]
 45557 | Spider:2 | HP: 32/128 [demonic crawler (4)]
 45568 | Spider:2 | Learned a level 4 spell: Sticky Flame
 46663 | Spider:3 | HP: 59/128 [meliai/divine providence (11)]
 46667 | Spider:3 | HP: 26/128 [redback (11)]
 46668 | Spider:3 | HP: 9/192 [redback (13)]
 46766 | Spider:3 | HP: 36/128 [redback (5)]
 47229 | Spider:3 | Reached skill level 10 in Conjurations
 47655 | Spider:3 | HP: 64/128 [emperor scorpion (9)]
 47918 | Spider:3 | Noticed Arachne
 47938 | Spider:3 | Killed Arachne
 48096 | Spider:3 | Got a faintly humming shield
 48097 | Spider:3 | Identified the +3 shield of Chimes {rElec rPois Str-2 SInv} (You found it on level 3 of the Spider Nest)
 48107 | Spider:3 | Got a pitted pewter ring
 48123 | Spider:3 | Identified the ring "Zokuplo" {Wiz rElec rPois rC-} (You found it on level 3 of the Spider Nest)
 48372 | Spider:4 | Entered Level 4 of the Spider Nest
 48386 | Spider:4 | Reached skill level 1 in Shields
 48670 | Spider:4 | Reached XP level 16. HP: 127/136 MP: 25/33
 48900 | Spider:4 | HP: 67/136 [wolf spider (7)]
 48901 | Spider:4 | Reached skill level 5 in Shields
 48941 | Spider:4 | HP: 64/136 [spark wasp (5)]
 49306 | Spider:4 | HP: 60/136 [emperor scorpion (11)]
 49652 | Spider:4 | HP: 66/136 [demonic crawler (10)]
 49658 | Spider:4 | HP: 55/136 [demonic crawler (1)]
 49663 | Spider:4 | HP: 41/136 [demonic crawler (3)]
 49669 | Spider:4 | HP: 33/136 [demonic crawler (8)]
 49678 | Spider:4 | HP: 26/136 [poisoned by a wolf spider]
 49683 | Spider:4 | HP: 22/136 [demonic crawler (5)]
 50317 | Spider:4 | HP: 64/136 [emperor scorpion (9)]
 50325 | Spider:4 | HP: 44/136 [emperor scorpion (1)]
 50328 | Spider:4 | Reached skill level 1 in Fire Magic
 50435 | Spider:4 | HP: 57/136 [hornet (7)]
 50435 | Spider:4 | Paralysed by a hornet for 2 turns
 51765 | Spider:4 | Got a gossamer rune of Zot
 52023 | Shoals:1 | Entered Level 1 of the Shoals
 52064 | Shoals:1 | Found Biokhug's General Store.
 52192 | Shoals:1 | Bought a potion of heal wounds for 80 gold pieces
 52192 | Shoals:1 | Bought a scroll of blinking for 120 gold pieces
 52192 | Shoals:1 | Bought a scroll of enchant weapon for 120 gold pieces
 52201 | Shoals:1 | Learned a level 7 spell: Orb of Destruction
 54075 | Shoals:2 | HP: 67/137 [harpy (5)]
 54328 | Shoals:2 | HP: 64/137 [faun/uncursed quarterstaff (13)]
 54333 | Shoals:2 | HP: 61/137 [faun/uncursed quarterstaff (4)]
 55595 | Shoals:3 | Reached XP level 17. HP: 144/144 MP: 35/35
 56045 | Shoals:3 | Identified the +9 scale mail of the Orb Guardian {rElec} (You found it on level 3 of the Shoals)
 56459 | Shoals:3 | HP: 61/144 [drowned by a drowned soul[a merfolk avatar] (16)]
 56464 | Shoals:3 | HP: 35/144 [manticore/volley of spikes (18)]
 57479 | Vaults:1 | Entered Level 1 of the Vaults
 57648 | Vaults:1 | Paralysed by a hornet for 2 turns
 57673 | Vaults:1 | Found a ruined gateway.
 57718 | Desolati | Entered the Desolation of Salt
 57879 | Desolati | HP: 70/145 [ragged hierophant/a resonance strike (17)]
 57884 | Desolati | HP: 70/145 [poisoned by a guardian serpent (bolt of poison)]
 57890 | Desolati | HP: 51/145 [poisoned by a guardian serpent (bolt of poison)]
 57895 | Desolati | HP: 33/145 [ragged hierophant/a resonance strike (19)]
 58414 | Desolati | HP: 43/146 [crystal guardian/crystal bolt (38)]
 58415 | Desolati | Killed from afar by a crystal guardian

Skill      XL: |  1  2  3  4  5  6  7  8  9 10 11 12 13 14 15 16 |
---------------+-------------------------------------------------+-----
Ice Magic      | 3 4 5 6 7 9 10 | 10.0
Spellcasting   | 2 3 4 5 6 7 8 9 |  9.8
Maces & Flails | 1 2 3 4 6 7 9 10 | 10.8
Fighting       | 1 2 3 4 5 6 7 8 9 10 11 | 11.6
Dodging        | 3 4 5 6 7 |  7.1
Axes           | 1 5 7 8 |  8.7
Armour         | 2 3 4 5 6 |  6.2
Conjurations   | 1 3 4 5 8 10 11 | 11.9
Evocations     | 3 4 6 7 8 9 |  9.9
Summonings     | 2 3 |  3.0
Air Magic      | 2 3 |  3.1
Translocations | 3 |  3.1
Shields        | 3 8 |  8.4
Fire Magic     | 3 |  3.0
Stealth        | |  1.7

Action                   |  1- 3 |  4- 6 |  7- 9 | 10-12 | 13-15 | 16-18 || total
-------------------------+-------+-------+-------+-------+-------+-------++-------
Melee: Short sword       |    10 |       |       |       |       |       ||    10
       Mace              |    54 |    37 |   206 |       |       |       ||   297
       Unarmed           |       |     4 |       |       |       |       ||     4
       Dire flail        |       |       |    34 |     7 |       |       ||    41
       War axe           |       |       |   103 |   152 |       |       ||   255
       Broad axe         |       |       |       |   304 |       |       ||   304
       Flail             |       |       |       |    41 |       |       ||    41
       Demon whip        |       |       |       |   437 |  1622 |   749 ||  2808
       Staff             |       |       |       |     9 |    31 |    19 ||    59
 Cast: Freeze            |    36 |    94 |   161 |   177 |   106 |    10 ||   584
       Ozocubu's Armour  |     1 |     7 |     6 |       |       |       ||    14
       Throw Icicle      |       |       |     2 |    22 |   138 |   116 ||   278
       Summon Ice Beast  |       |       |       |    19 |    46 |    12 ||    77
       Conjure Flame     |       |       |       |       |     1 |       ||     1
       Blink             |       |       |       |       |     2 |       ||     2
       Sticky Flame      |       |       |       |       |     1 |     2 ||     3
 Abil: Evoke Flight      |       |       |     1 |     1 |       |       ||     2
Evoke: Wand              |       |       |     3 |       |     1 |     5 ||     9
       Staff of Olgreb   |       |       |       |     5 |    53 |    52 ||   110
       Box of beasts     |       |       |       |       |     1 |       ||     1
  Use: Scroll            |       |    12 |     3 |    11 |    19 |     8 ||    53
       Potion            |       |       |       |       |     3 |       ||     3
 Stab: Sleeping          |     6 |     1 |     1 |       |    10 |     2 ||    20
       Distracted        |       |       |       |     3 |     3 |     3 ||     9
       Petrified         |       |       |       |       |     4 |       ||     4
       Petrifying        |       |       |       |       |     1 |       ||     1
  Eat: Chunk             |     3 |     9 |    17 |    45 |    53 |    28 ||   155
       Ration            |       |     1 |     1 |     3 |     7 |     2 ||    14
Armor: Robe              |    31 |    34 |   127 |       |       |       ||   192
       Ring mail         |       |       |   156 |   645 |   743 |   309 ||  1853
       Skin              |       |       |       |       |    19 |       ||    19
       Scale mail        |       |       |       |       |       |    16 ||    16
Dodge: Dodged            |    69 |    81 |   364 |   715 |   901 |   320 ||  2450
Block: Other             |       |       |       |       |   267 |    14 ||   281
       Reflection        |       |       |       |       |    15 |    42 ||    57
       Shield            |       |       |       |       |       |   730 ||   730

Vault maps used:
D:1:      minmay_arrival_stair_chambers
D:2:      old_standard_altar
D:3:      lemuel_doored_altar, uniq_crazy_yiuf_cottage
D:4:      minmay_temple_entry_statues_fountains
D:5:      gammafunk_steamed_eel, serial_shops, nicolae_shop_waterfront,
          first_ration, uniq_edmund
D:6:      st_stairs_5, lightli_minifort
D:7:      vehumet_crystals, nicolae_ru_awakened_eye, overflow_temple_1_default
D:8:      nicolae_overflow_hidden_temple, uniq_maurice
D:9:      nemelex_xobeh_ov_fountains_minmay, hangedman_pestilent_swarm
D:10:     minmay_guarded_unrand_staff_of_olgreb
D:11:     grunt_lair_entry_orc_guard_hut, special_room, enter_trove_5,
          hex_intersection
D:12:     minmay_outward_triangles, uniq_psyche
D:13:     serial_shops, shop, serial_park_tiny_pond, kennysheep_four_rooms
D:14:     david_vaults_4, special_room, dk_noncrumbling_2, basic_altar,
          fedhas_altar_1
D:15:     grunt_enter_depths_snipers, serial_shops, nicolae_shop_statue_plus,
          solitary_fountain
Lair:1:   special_room, serial_bayou_pond_a, grunt_megastairs_3,
          serial_bayou_shore_a
Lair:2:   elwin_shoals_entry_stream, lemuel_fruit_tree
Lair:3:   spider_nest_entry_rubble
Lair:6:   evil_forest, slime_altar_1, infiniplex_staircase_pool_2
Shoals:1: serial_shops, nicolae_shop_competitors_out_of_business
Shoals:2: nicolae_shoals_island_circles, nicolae_shoals_this_corrosion
Shoals:3: nicolae_shoals_circle_sea_wall
Spider:1: uniq_aizul
Spider:2: spider_trap
Spider:3: uniq_arachne
Spider:4: johnstein_spider_rune_arachne_lair, hangedman_spider_tarantella_strand
Orc:1:    basic_altar, uniq_urug
Orc:2:    pf_orc_diabolical, serial_shops, nicolae_shop_trees
Vaults:1: v_misc_2, hangedman_vaults_restitches, vaults_dpeg_hooks,
          vaults_mumra_lcd, nicolae_vaults_theta, vaults_room_door_ring,
          nicolae_vaults_little_squares_6, serial_shops,
          nicolae_shop_overgrown_old_shop, portal_desolation_entry_garden
